 Dungeon Crawl Stone Soup version 0.16-a0-77-g708f960 (webtiles) character file.

32 Chiseanne the Magician (level 3, 12/24 HPs)
             Began as a Demonspawn Wizard on Aug 8, 2014.
             Quit the game on Level 2 of the Dungeon.
             The game lasted 00:02:50 (1260 turns).

Chiseanne the Magician (Demonspawn Wizard)          Turns: 1260, Time: 00:02:50

HP  12/24        AC  3     Str  7      XL: 3   Next:  8%
MP   1/8         EV 10     Int 20      God:
Gold 7           SH  0     Dex 11      Spells:  1 memorised,  8 levels left

rFire  + . .     SeeInvis .     n - +0 mace (crush)
rCold  . . .     Clarity  .     i - +0 leather armour
rNeg   . . .     rCorr    .     (no shield)
rPois  .         rRot     .     b - +0 hat
rElec  .         Spirit   .     (no cloak)
SustAb .         Warding  .     (no gloves)
rMut   .         Stasis   .     (no boots)
Gourm  .                        (no amulet)
MR     .....                    (no ring)
                                l - ring of protection from fire

@: not resistant to hostile enchantments, very unstealthy
A: talons 1, demonic guardian 1
a: no special abilities


You were on level 2 of the Dungeon.
You were not hungry.

You visited 1 branch of the dungeon, and saw 2 of its levels.

You collected 7 gold pieces.

Inventory:

Hand weapons
 n - a +0 mace of crushing (weapon)
Armour
 b - a +0 hat (worn)
 i - a +0 leather armour (worn)
Comestibles
 a - a slice of pizza
 d - a bread ration
Scrolls
 e - a scroll of fear {unknown}
 g - 3 scrolls of identify {unknown}
 j - a scroll of random uselessness {unknown}
Jewellery
 l - a ring of protection from fire (left hand)
Potions
 f - a potion of brilliance {unknown}
 h - 2 potions of confusion {unknown}
 k - 2 potions of magic {unknown}
 m - a potion of heal wounds {unknown}
Books
 c - a book of Minor Magic

   Spells                             Type                      Level
   *Magic Dart                        Conjuration                  1
   Blink                              Translocation                2
   Call Imp                           Summoning                    2
   Repel Missiles                     Charms/Air                   2
   Slow                               Hexes                        2
   Conjure Flame                      Conjuration/Fire             3
   Mephitic Cloud                     Conjuration/Poison/Air       3


   Skills:
 - Level 1.7 Dodging
 - Level 1.7 Stealth
 * Level 3.5 Spellcasting
 * Level 2.2 Conjurations
   Level 1.0 Summonings
   Level 0.8 Translocations


You had 8 spell levels left.
You knew the following spells:

 Your Spells              Type           Power        Failure   Level  Hunger
a - Magic Dart            Conj           ##..         6%          1    None


Dungeon Overview and Level Annotations

Branches:
Dungeon (2/15)

Altars:
Cheibriados


Innate Abilities, Weirdness & Mutations

You have sharp toenails.
A weak demonic guardian rushes to your aid.


Message History

The worm is severely wounded.
Casting: Magic Dart
Confirm with . or Enter, or press ? or * to list all spells.
You don't have enough magic to cast that spell.
Casting: Magic Dart
Confirm with . or Enter, or press ? or * to list all spells.
You don't have enough magic to cast that spell.
You hit the worm.
The worm is almost dead.
You hit the worm.
The worm is almost dead.
The worm bites you!
You hit the worm.
You kill the worm!
You have reached level 3!
Your experience leads to an increase in your attributes!
Increase (S)trength, (I)ntelligence, or (D)exterity?
You feel clever.
Your demonic ancestry asserts itself...
You feel the presence of a demonic guardian.
Are you sure you want to abandon this character and quit the game? (Confirm with "yes".)

#.##### #.##..
#.##.# #.##.#
##....# #.###.#
###.###.# ..#
#.......# #..#
#@#<##### #..#
#%#.#
#..######.#####
#..##.........#
.............#
#.##.###.###.#
##
####.##.###.#
#.# #.
#...>.......#
#.# ##.
####.##.#####
#.#


There were no monsters in sight!

Vanquished Creatures
  An adder (D:2)
  A worm (D:2)
  A hobgoblin (D:1)
  2 kobolds (D:1)
  5 bats
  A giant cockroach (D:1)
  2 giant geckos (D:1)
  A giant newt (D:1)
  2 goblins (D:1)
  A rat (D:1)
17 creatures vanquished.

Notes
Turn   | Place    | Note
--------------------------------------------------------------
     0 | D:1      | Chiseanne, the Demonspawn Wizard, began the quest for the Orb.
     0 | D:1      | Reached XP level 1. HP: 13/13 MP: 4/4
   149 | D:1      | Found a snail-covered altar of Cheibriados.
   566 | D:1      | Gained mutation: You have sharp toenails. [demonic ancestry]
   566 | D:1      | Reached XP level 2. HP: 19/19 MP: 0/6
  1259 | D:2      | Gained mutation: A weak demonic guardian rushes to your aid. [demonic ancestry]
  1259 | D:2      | Reached XP level 3. HP: 12/24 MP: 0/8
  1260 | D:2      | Quit the game

Action                   || total
-------------------------++-------
Melee: Mace              ||     6
 Cast: Magic Dart        ||    48
  Eat: Chunk             ||     1
